 Dungeon Crawl Stone Soup version 0.31-a0-263-ge8cad7f256 (webtiles) character file.

Game seed: 16979295837855477980

231 qw the Shooter (level 6, -4/37 HPs)
             Began as a Gargoyle Hexslinger on July 13, 2023.
             Shot with an arrow by a centaur (6 damage)
             ... on level 4 of the Dungeon.
             The game lasted 00:01:33 (3024 turns).

qw the Shooter (Gargoyle Hexslinger)                Turns: 3024, Time: 00:01:34

Health: -4/37      AC: 10    Str: 11    XL:     6   Next: 4%
Magic:  7/7        EV: 10    Int: 14    God:
Gold:   200        SH:  0    Dex: 14    Spells: 6/7 levels left

rFire   . . .        Y - +1 sling
rCold   . . .        (no shield)
rNeg    + . .        e - +0 ring mail
rPois   inf          d - +0 helmet
rElec   +            (no cloak)
rCorr   .            (no gloves)
SInv    .            (no boots)
Will    .....        (no amulet)
Stlth   +            (no ring)
HPRegen 0.26/turn    (no ring)
MPRegen 0.10/turn

%: no passive effects
@: no status effects
A: sickness immunity, AC +4, negative energy resistance 1, electricity
resistance, torment resistance 1, petrification resistance
a: no special abilities


You were on level 4 of the Dungeon.
You visited 1 branch of the dungeon, and saw 4 of its levels.

You collected 200 gold pieces.


Innate Abilities, Weirdness & Mutations

You are immune to sickness and miasma.
Your stone body is resilient. (AC +4)
You are immune to poison.
You resist negative energy. (rN+)
You are resistant to electric shocks. (rElec)
You are resistant to unholy torment.
You are immune to petrification.


   Skills:
 - Level 3.0 Fighting
 + Level 5.1 Ranged Weapons
 - Level 1.6 Armour
 - Level 1.5 Dodging
 - Level 1.0 Spellcasting
 - Level 2.6 Hexes


You had 6 spell levels left.
You knew the following spells:

 Your Spells              Type           Power      Damage    Failure   Level
a - Slow                  Hex            32%        N/A       21%         1

Your spell library contained the following spells:

 Spells                   Type           Power      Damage    Failure   Level
 Inner Flame              Hex/Fire       4%         N/A       71%         3
 Portal Projectile        Hex/Tloc       8%         N/A       71%         3
 Cause Fear               Hex            4%         N/A       90%         4

Inventory:

Hand Weapons
 Y - a +1 sling (weapon)
Armour
 d - a +0 helmet (worn)
 e - a +0 ring mail (worn)
Jewellery
 f - a ring of willpower
Scrolls
 c - 2 scrolls of identify {unknown}
 h - a scroll of teleportation {unknown}
Potions
 a - 2 potions of curing {unknown}
 b - a potion of cancellation {unknown}
 g - a potion of lignification {unknown}

Dungeon Overview and Level Annotations

Branches:
Dungeon (4/15)
 Temple: D:4-7

Altars:
Ashenzari
Uskayaw


Message History

The centaur shouts!
The centaur wields a +0 shortbow.
The centaur shoots an arrow.
The arrow hits you.
Enter note:
Enter note:
Enter note:
Enter note:
Enter note:
Enter note:
Enter note: You shoot a sling bullet.
The sling bullet hits the centaur!
The centaur is moderately wounded.
The centaur shoots an arrow.
The arrow hits you.
The centaur shoots an arrow.
The arrow closely misses you.
You shoot a sling bullet. The sling bullet hits the centaur.
The centaur is heavily wounded.
The centaur shoots an arrow.
The arrow hits you.
The centaur shoots an arrow.
The arrow hits you.
You shoot a sling bullet.
The sling bullet barely misses the centaur.
The centaur shoots an arrow.
The arrow hits you but does no damage.
The centaur shoots an arrow.
The arrow hits you.
You shoot a sling bullet. The sling bullet hits the centaur.
The centaur is severely wounded.
The centaur shoots an arrow.
The arrow hits you.
The centaur shoots an arrow.
The arrow closely misses you.
You shoot a sling bullet.
The sling bullet hits the centaur but does no damage.
The centaur is severely wounded.
The centaur shoots an arrow.
The arrow hits you.
The centaur shoots an arrow.
The arrow hits you.
You shoot a sling bullet. The sling bullet hits the centaur.
The centaur is severely wounded.
The centaur shoots an arrow.
The arrow barely misses you.
The centaur shoots an arrow.
The arrow hits you.
You shoot a sling bullet.
The sling bullet barely misses the centaur.
The centaur shoots an arrow.
The arrow barely misses you.
The centaur shoots an arrow.
The arrow hits you.
You die...

#..######.#.#.# #.# #
#.............# #<# #
#..####.#.###.# #.# # #..#
#.#.....# #.# # #..#
#.#####.########%# # #..####.#
#..........##########
........############.............
##...............# #.############
###############@###.####........
...c.............#######
#######......##### #####.## ###


You could see a centaur.

Vanquished Creatures
  A hound (D:4)
  Jessica (D:3)
  An iguana (D:4)
  5 adders
  An ufetubus (D:3)
  3 dart slugs
  2 orcs
  10 ball pythons
  5 endoplasms
  4 giant cockroaches
  9 goblins
  7 hobgoblins
  14 jackals
  6 kobolds
  A quokka (D:4)
  8 bats
  5 frilled lizards
  6 rats
89 creatures vanquished.

Notes
Turn   | Place    | Note
-------+----------+-------------------------------------------
     0 | D:1      | qw the Gargoyle Hexslinger began the quest for the Orb.
     0 | D:1      | Reached XP level 1. HP: 12/12 MP: 2/2
     0 | D:1      | 0 ||| qw: Version: 0.3-a-52-g30416fa
     0 | D:1      | 0 ||| qw: Game counter: 7098
     0 | D:1      | 0 ||| qw: Melee chars always use a shield: true
     0 | D:1      | 0 ||| qw: God list: Okawaru
     0 | D:1      | 0 ||| qw: Allow faded altars: false
     0 | D:1      | 0 ||| qw: Do Orc after clearing Dungeon:15 true
     0 | D:1      | 0 ||| qw: Do second Lair branch before Depths: true
     0 | D:1      | 0 ||| qw: Lair rune preference: random
     0 | D:1      | 0 ||| qw: Goals: Normal
     0 | D:1      | 0 ||| PLANNING D:1-11
    66 | D:1      | Reached XP level 2. HP: 16/16 MP: 3/3
    91 | D:1      | Reached skill level 3 in Ranged Weapons
   229 | D:1      | Reached XP level 3. HP: 21/21 MP: 4/4
   266 | D:1      | 266 ||| FLEEEEING.
   273 | D:1      | 273 ||| FLEEEEING.
   747 | D:1      | 747 ||| UPGRADING to +0 ring mail.
   757 | D:1      | 757 ||| DROPPING +0 robe.
   758 | D:1      | 758 ||| READING 2 scrolls labelled SIADEC LODIYTS.
   759 | D:1      | 759 ||| DROPPING scroll of amnesia.
   760 | D:1      | 760 ||| DROPPING scroll of poison.
  1158 | D:2      | Reached XP level 4. HP: 25/26 MP: 5/5
  1487 | D:2      | 1487 ||| READING scroll labelled WACYSSIZIA.
  1488 | D:2      | 1488 ||| READING scroll labelled SUTRE HUOBU.
  1488 | D:2      | Identified a scroll of acquirement
  1488 | D:2      | 1488 ||| ACQUIRING +1 hat
  1488 | D:2      | Acquired a +1 hat
  1490 | D:2      | 1490 ||| UPGRADING to +1 hat.
  1495 | D:2      | 1495 ||| READING scroll labelled LOR FETARHE.
  1583 | D:3      | Reached skill level 4 in Ranged Weapons
  1635 | D:3      | Noticed Jessica
  1639 | D:3      | Killed Jessica
  1640 | D:3      | Reached skill level 1 in Armour
  1774 | D:3      | HP: 4/26 [ufetubus (4)]
  1774 | D:3      | HP: 1/26 [ufetubus (3)]
  1876 | D:3      | Found a hide-covered altar of Uskayaw.
  2182 | D:3      | 2182 ||| UPGRADING to +0 helmet.
  2192 | D:3      | 2192 ||| DROPPING +1 hat.
  2194 | D:3      | 2194 ||| DROPPING ring of flight.
  2195 | D:3      | 2195 ||| READING scroll labelled EFEOLA UGRUORGH.
  2196 | D:3      | 2196 ||| DRINKING 2 fizzy white potions.
  2200 | D:3      | Found a broken altar of Ashenzari.
  2234 | D:3      | 2234 ||| READING scroll labelled WYC GOILUCH.
  2251 | D:3      | Reached XP level 5. HP: 30/30 MP: 6/6
  2530 | D:4      | HP: 7/30 [adder (1)]
  2531 | D:4      | 2531 ||| DRINKING potion of heal wounds.
  2538 | D:4      | Reached skill level 5 in Ranged Weapons
  2558 | D:4      | 2558 ||| FLEEEEING.
  2559 | D:4      | 2559 ||| FLEEEEING.
  2560 | D:4      | 2560 ||| FLEEEEING.
  2561 | D:4      | 2561 ||| FLEEEEING.
  2562 | D:4      | 2562 ||| FLEEEEING.
  2563 | D:4      | 2563 ||| FLEEEEING.
  2564 | D:4      | 2564 ||| FLEEEEING.
  2565 | D:4      | 2565 ||| FLEEEEING.
  2566 | D:4      | 2566 ||| FLEEEEING.
  2567 | D:4      | 2567 ||| FLEEEEING.
  2568 | D:4      | 2568 ||| FLEEEEING.
  2571 | D:4      | 2571 ||| FLEEEEING.
  2572 | D:4      | 2572 ||| FLEEEEING.
  2573 | D:4      | 2573 ||| FLEEEEING.
  2574 | D:4      | 2574 ||| FLEEEEING.
  2575 | D:4      | 2575 ||| FLEEEEING.
  2576 | D:4      | 2576 ||| FLEEEEING.
  2577 | D:4      | 2577 ||| FLEEEEING.
  2578 | D:4      | 2578 ||| FLEEEEING.
  2579 | D:4      | 2579 ||| FLEEEEING.
  2580 | D:4      | 2580 ||| FLEEEEING.
  2581 | D:4      | 2581 ||| FLEEEEING.
  2585 | D:4      | 2585 ||| FLEEEEING.
  2715 | D:4      | Reached skill level 3 in Fighting
  2970 | D:4      | Reached XP level 6. HP: 37/37 MP: 7/7
  3021 | D:4      | HP: 9/37 [centaur/arrow (3)]
  3022 | D:4      | HP: 4/37 [centaur/arrow (5)]
  3024 | D:4      | Shot with an arrow by a centaur

Levels and vault maps discovered:
D:1:      lightli_arrival_boilingwater, layout_basic, minmay_split_cup_large
D:2:      layout_loops_ring
D:3:      layout_loops_ring, nicolae_ashenzari_skybound,
          nicolae_uskayaw_suspiria, uniq_jessica
D:4:      layout_loops_ring

Skill      XL: |  1  2  3  4  5 |
---------------+----------------+-----
Ranged Weapons | 3 4 5 |  5.1
Fighting       | 2 3 |  3.0
Armour         | 1 |  1.6
Dodging        | |  1.5
Spellcasting   | |  1.0
Hexes          | |  2.6

Action                     |  1- 3 |  4- 6 || total
---------------------------+-------+-------++-------
   Fire: Sling             |   165 |   208 ||   373
    Use: Scroll            |     1 |     5 ||     6
         Potion            |       |     2 ||     2
 Armour: Robe              |    22 |       ||    22
         Ring mail         |    24 |   123 ||   147
  Dodge: Dodged            |    79 |   149 ||   228

Table legend:
 A = Non-vault XP
 B = Vault XP
 C = Vault XP percentage of total XP
 D = Non-vault monster count
 E = Vault monster count
 F = Vault count percentage of total count
                 A         B        C        D         E       F
            +---------+---------+-------+---------+---------+-------
      Total |     285 |      46 |  13.9 |      84 |       5 |   5.6
            +---------+---------+-------+---------+---------+-------
        D:1 |      53 |       9 |  14.5 |      32 |       4 |  11.1
        D:2 |      27 |       0 |   0.0 |      17 |       0 |   0.0
        D:3 |      54 |      37 |  40.7 |      12 |       1 |   7.7
        D:4 |     151 |       0 |   0.0 |      23 |       0 |   0.0
            +---------+---------+-------+---------+---------+-------
